 Dungeon Crawl Stone Soup version 0.22-a0-42-g002c468 (webtiles) character file.

16 sagitran the Firebug (level 2, -2/20 HPs)
             Began as a Hill Orc Fire Elementalist on Jan 5, 2018.
             Slain by a jackal (3 damage)
             ... on level 1 of the Dungeon.
             The game lasted 00:02:23 (686 turns).

sagitran the Firebug (Hill Orc Fire Elementalist)    Turns: 686, Time: 00:02:23

Health: -2/20      AC:  2    Str: 10    XL:     2   Next: 54%
Magic:  0/4        EV: 12    Int: 15    God:
Gold:   7          SH:  0    Dex: 11    Spells: 3/4 levels left

rFire    . . .     SeeInvis .   d - +0 mace
rCold    . . .     Gourm    .   (no shield)
rNeg     . . .     Faith    .   a - +0 robe
rPois    .         Spirit   .   (no helmet)
rElec    .         Reflect  .   (no cloak)
rCorr    .         Harm     .   (no gloves)
MR       .....                  (no boots)
Stlth    ++........             (no amulet)
HPRegen  0.06/turn              (no ring)
MPRegen  0.09/turn              (no ring)

@: no status effects
A: no striking features
a: no special abilities


You were on level 1 of the Dungeon.
You were not hungry.

You visited 1 branch of the dungeon, and saw 1 of its levels.

You collected 7 gold pieces.

Inventory:

Hand Weapons
 d - a +0 mace (weapon)
 f - a +0 dagger
Armour
 a - a +0 robe (worn)
 e - a +0 leather armour
Books
 b - a book of Flames

   Spells                             Type                      Level
   a - Flame Tongue                   Conjuration/Fire             1
   b - Throw Flame                    Conjuration/Fire             2
   c - Conjure Flame                  Conjuration/Fire             3
   d - Inner Flame                    Hexes/Fire                   3
   e - Sticky Flame                   Conjuration/Fire             4
   f - Fireball                       Conjuration/Fire             5
Comestibles
 c - a ration
 g - 3 chunks of flesh


   Skills:
 + Level 0.1 Fighting
 + Level 1.7 Dodging
 + Level 1.6 Stealth
 + Level 0.1 Unarmed Combat
 + Level 1.9 Spellcasting
 + Level 1.0 Conjurations
 + Level 3.6 Fire Magic


You had 3 spell levels left.
You knew the following spells:

 Your Spells              Type           Power        Failure   Level  Hunger
a - Flame Tongue          Conj/Fire      #....        9%          1    ##.....


Dungeon Overview and Level Annotations

Branches:
Dungeon (1/15)

Altars:


Message History

You barely miss the jackal. The jackal barely misses you. x2
Some of the chunks of flesh in your inventory have rotted away.
You barely miss the jackal. The jackal closely misses you.
The jackal bites you.
* * * LOW HITPOINT WARNING * * *
Casting: Flame Tongue
Confirm with . or Enter, or press ? or * to list all spells.
Aiming: Flame Tongue
Press: ? - help, Shift-Dir - straight line, f/p - jackal
Aim: a jackal The flame tongue hits the jackal.
The jackal is moderately wounded.
The jackal barely misses you. The jackal closely misses you.
The jackal barely misses you.
A hobgoblin comes into view.
The jackal bites you.
* * * LOW HITPOINT WARNING * * *
The jackal bites you.
You die...

### #.. #.#
##♣#♣#♣#♣## #g#
##...r.....# #.#
#..♣.♣.♣.♣.# #.#
#.###h##.... #@#
#.# #.##...r #h#
#.# #.##.### #r#
##.###h##.# #
#.####...##.##.# #
#h..h.......##.# #
######...#####.###
##.######....
#.#.......##
#.#.........


You could see 2 jackals, a hobgoblin and a rat.

Vanquished Creatures
  2 dart slugs (D:1)
  A ball python (D:1)
  A hobgoblin (D:1)
  A jackal (D:1)
  4 kobolds (D:1)
  A bat (D:1)
  A goblin (D:1)
  2 rats (D:1)
13 creatures vanquished.

Notes
Turn   | Place    | Note
-------+----------+-------------------------------------------
     0 | D:1      | sagitran the Hill Orc Fire Elementalist began the quest for the Orb.
     0 | D:1      | Reached XP level 1. HP: 14/14 MP: 3/3
    86 | D:1      | Reached XP level 2. HP: 3/20 MP: 0/4
   684 | D:1      | HP: 1/20 [jackal (1)]
   686 | D:1      | Slain by a jackal

Vault maps used:
D:1:      lemuel_arrival_cross, serial_forest, infiniplex_forest_lined_3,
          infiniplex_forest_clump_long, infiniplex_forest_diagonal,
          infiniplex_forest_zigzag_1, infiniplex_forest_lined_2,
          infiniplex_forest_corner_1, infiniplex_forest_pool, minmay_ruptured

Action                   || total
-------------------------++-------
Melee: Unarmed           ||    20
       Dagger            ||     9
       Mace              ||    20
 Cast: Flame Tongue      ||    13
Armor: Robe              ||    14
Dodge: Dodged            ||    57

Table legend:
 A = Spawn XP
 B = Non-spawn XP
 C = Spawn XP percentage of total XP
 D = Spawn monster count
 E = Non-spawn monster count
 F = Spawn count percentage of total count
 G = Total turns spent on level
                    A         B        C        D         E        F      G
               +---------+---------+-------+---------+---------+-------+---------
         Total |       0 |      23 |   0.0 |       0 |      13 |   0.0 |   686
               +---------+---------+-------+---------+---------+-------+---------
           D:1 |       0 |      23 |   0.0 |       0 |      13 |   0.0 |   686
               +---------+---------+-------+---------+---------+-------+---------
